 Dungeon Crawl Stone Soup version 0.30-a0-305-g026cb31310 (webtiles) character file.

Game seed: 7263268752968445815

43 pyrow613 the Chopper (level 3, -14/30 HPs)
             Began as a Demigod Fighter on Oct 21, 2022.
             Killed from afar by Ijyb (17 damage)
             ... with a bolt of acid
             ... on level 2 of the Dungeon.
             The game lasted 00:02:18 (1869 turns).

pyrow613 the Chopper (Demigod Fighter)              Turns: 1869, Time: 00:02:19

Health: -14/30     AC:  2    Str: 21    XL:     3   Next: 20%
Magic:  5/5        EV:  9    Int: 10    God:
Gold:   80         SH:  4    Dex: 13    Spells: 2/2 levels left

rFire   . . .      SeeInvis .    a - +0 war axe
rCold   . . .      Faith    .    c - +0 buckler
rNeg    . . .      Spirit   .    b - +0 scale mail
rPois   .          Reflect  .    (no helmet)
rElec   .          Harm     .    (no cloak)
rCorr   .          Rampage  .    (no gloves)
Will    .....                    (no boots)
Stlth   ..........               (no amulet)
HPRegen 0.25/turn                (no ring)
MPRegen 0.09/turn                (no ring)

@: corroded
A: high MP 1, forlorn, divine attributes
a: no special abilities


You were on level 2 of the Dungeon.
You visited 1 branch of the dungeon, and saw 3 of its levels.

You collected 80 gold pieces.

Inventory:

Hand Weapons
 a - a +0 war axe (weapon)
Missiles
 e - 4 poisoned darts (quivered)
Armour
 b - a +0 scale mail (worn)
 c - a +0 buckler (worn)
 p - a +0 kite shield
Jewellery
 m - an amulet of the acrobat
Scrolls
 f - a scroll of blinking {unknown}
 g - 2 scrolls of identify {unknown}
 i - a scroll of noise {unknown}
 k - a scroll of torment {unknown}
 l - a scroll of enchant armour {unknown}
 o - 2 scrolls of magic mapping {unknown}
 r - a scroll of teleportation {unknown}
Potions
 d - a potion of might
 h - a potion of ambrosia {unknown}
 j - 2 potions of brilliance {unknown}
 n - 3 potions of attraction {unknown}
 q - a potion of haste {unknown}
 s - a potion of berserk rage {unknown}


   Skills:
 - Level 2.7 Fighting
 + Level 3.3 Axes
 - Level 2.7 Armour
 - Level 2.7 Shields


You had 2 spell levels left.
You didn't know any spells.
Your spell library contained the following spells:

 Spells                   Type           Power      Damage    Failure   Level
 Shock                    Conj/Air       0%         1d3       80%         1
 Swiftness                Air            0%         N/A       99%         3
 Airstrike                Air            0%         2d(0-16)  100%        4


Dungeon Overview and Level Annotations

Branches:
Dungeon (3/15)

Annotations:
D:2 Ijyb


Innate Abilities, Weirdness & Mutations

You have an increased reservoir of magic. (+10% MP)
You shall have no god before yourself.
Your divine heritage dramatically boosts your attributes as you level up.


Message History

Found a club.
Found a stone staircase leading down.
You open the door.
Ijyb the Twisted Goblin comes into view.
She is wielding a +0 dagger and carrying a wand of acid (6).
Ijyb shouts!
Ijyb zaps a wand.
The bolt of acid hits you!
Ouch! That really hurt!
The acid corrodes you!
You are too injured to fight recklessly!
Ijyb is nearby!
Ijyb is nearby!
You are too injured to fight recklessly!
You are too injured to fight recklessly!
Ijyb is nearby!
You close the door.
Ijyb breaks down the door.
An adder comes into view.
There is a stone staircase leading up here.
The adder hisses angrily.
You climb upwards.
There is a stone staircase leading down here.
You start resting.
You are no longer corroded.
You start resting.
HP restored.
You start waiting.
Done waiting.
You climb downwards.
Level annotation: Ijyb
There is a stone staircase leading up here.
You closely miss Ijyb.
Ijyb zaps a wand.
The bolt of acid hits you!
Ouch! That really hurt!
Ijyb hits you with a +0 dagger.
Ijyb zaps a wand.
The bolt of acid hits you!
* * * LOW HITPOINT WARNING * * *
The acid corrodes you!
You climb upwards.
There is a stone staircase leading down here.
You barely miss Ijyb.
Ijyb zaps a wand.
The bolt of acid hits you!
Ouch! That really hurt!
You die...

###### .....# ####.# #.#
####.#####
.........#######################
................@..............#
.###############g#############.#
.# #...........# #.# .#
#.##.######.# #.# .#
#.#.......#.# #.# .#
#.#..##...#.# #.# .#
#.#...#.###.######.# .#
#########...###.###........# .#
#...............).##########


You could see Ijyb.

Vanquished Creatures
  2 adders (D:2)
  A worm (D:2)
  A dart slug (D:2)
  A ball python (D:2)
  An endoplasm (D:1)
  2 giant cockroaches (D:1)
  A goblin (D:2)
  A hobgoblin (D:2)
  2 kobolds
  A quokka (D:1)
  4 bats
  A rat (D:1)
18 creatures vanquished.

Notes
Turn   | Place    | Note
-------+----------+-------------------------------------------
     0 | D:1      | pyrow613 the Demigod Fighter began the quest for the Orb.
     0 | D:1      | Reached XP level 1. HP: 18/18 MP: 3/3
   173 | D:1      | Reached skill level 2 in Axes
   851 | D:2      | Reached XP level 2. HP: 24/25 MP: 4/4
   932 | D:2      | Reached skill level 3 in Axes
  1143 | D:2      | Reached XP level 3. HP: 23/30 MP: 5/5
  1706 | D:3      | Noticed Ijyb
  1869 | D:2      | Killed from afar by Ijyb

Illustrated notes

Levels and vault maps discovered:
D:1:      nicolae_arrival_washed_ashore, layout_basic, basic_ecumenical_altar
D:2:      layout_basic
D:3:      layout_basic, roderic_serpentine_path, kennysheep_small_spiral,
          uniq_ijyb, uniq_terence, uniq_natasha, uniq_sigmund

Skill      XL: |  1  2 |
---------------+-------+-----
Axes           | 2 3 |  3.3
Fighting       | |  2.7
Armour         | |  2.7
Shields        | |  2.7

Action                   || total
-------------------------++-------
Melee: War axe           ||    82
Armor: Scale mail        ||    60
Dodge: Dodged            ||    39
Block: Buckler           ||    21

Table legend: (Time is in decaauts)
 A = Elapsed time spent in this place.
 B = Non-inter-level travel time spent in this place.
 C = Inter-level travel time spent in this place.
 D = Time resting spent in this place.
 E = Time spent auto-exploring this place.
 F = Levels seen in this place.
 G = Mean time per level.
                   A        B        C        D        E       F      G
               +--------+--------+--------+--------+--------+-----+--------+
         Total |   1904 |   1836 |     68 |    152 |   1449 |   3 |  634.7 |
       Dungeon |   1904 |   1836 |     68 |    152 |   1449 |   3 |  634.7 |
               +--------+--------+--------+--------+--------+-----+--------+

Top non-repeatable levels by time:
     D:2: 1017 daAuts
     D:1: 844 daAuts
     D:3: 42 daAuts
